 Dungeon Crawl Stone Soup version 0.23-b1-84-g6588a6b (webtiles) character file.

Game seed: 3988057412770729615

89 JBWHISE123 the Skirmisher (level 4, -1/41 HPs)
             Began as a Minotaur Fighter on Feb 8, 2019.
             Slain by an adder (2 damage)
             ... on level 1 of the Dungeon.
             The game lasted 00:07:14 (1874 turns).

JBWHISE123 the Skirmisher (Minotaur Fighter)        Turns: 1874, Time: 00:07:14

Health: -1/41      AC:  7    Str: 22    XL:     4   Next: 31%
Magic:  3/3        EV:  7    Int:  5    God:
Gold:   129        SH:  9    Dex:  9    Spells: 3/3 levels left

rFire    . . .     SeeInvis .   n - +3 dagger
rCold    . . .     Gourm    .   c - +0 shield
rNeg     . . .     Faith    .   b - +0 scale mail
rPois    .         Spirit   .   (helmet restricted)
rElec    .         Reflect  .   (no cloak)
rCorr    .         Harm     .   (no gloves)
MR       .....                  (no boots)
Stlth    ..........             (no amulet)
HPRegen  0.13/turn              (no ring)
MPRegen  0.08/turn              (no ring)

@: lethally poisoned (-1 -> -3), hasted, very quick
A: retaliatory headbutt, horns 2
a: no special abilities


You were on level 1 of the Dungeon.
You were not hungry.

You visited 1 branch of the dungeon, and saw 2 of its levels.

You collected 129 gold pieces.

Inventory:

Hand Weapons
 a - a +0 war axe
 n - a +3 dagger (weapon)
Armour
 b - a +0 scale mail (worn)
 c - a +0 shield (worn)
Jewellery
 s - a cursed ring of attention
Scrolls
 e - a scroll of magic mapping {unknown}
 i - a scroll of remove curse {unknown}
 j - a scroll of identify
 l - a scroll of fog {unknown}
 o - a scroll of teleportation {unknown}
 p - a scroll of blinking {unknown}
Potions
 d - a potion of might
 h - a potion of agility
 m - a potion of heal wounds {unknown}
 q - a potion of degeneration {unknown}
 r - 2 potions of lignification {unknown}
Comestibles
 f - 5 rations


   Skills:
 + Level 4.4 Fighting
 + Level 3.3 Axes
 + Level 4.4 Armour
 + Level 4.4 Shields


You had 3 spell levels left.
You didn't know any spells.
Your spell library was empty.

Dungeon Overview and Level Annotations

Branches:
Dungeon (2/15)

Altars:
Hepliaklqana
Sif Muna
Trog


Innate Abilities, Weirdness & Mutations

You reflexively headbutt those who attack you in melee.
You have a pair of horns on your head.


Message History

You barely miss the adder. Your headbutt misses the adder.
The adder is lightly wounded.
You miss the adder.
The adder is lightly wounded.
* * * LOW HITPOINT WARNING * * *
You feel sick. You block the adder's attack.
You hit the adder. Your headbutt misses the adder.
The adder is moderately wounded.
The adder bites you but does no damage.
You closely miss the adder. You headbutt the adder.
The adder is heavily wounded.
The adder bites you.
* * * LOW HITPOINT WARNING * * *
You closely miss the adder. Your headbutt misses the adder.
The adder is heavily wounded.
You block the adder's attack.
You hit the adder.
The adder is severely wounded.
The adder bites you.
You die...

######### #.......#
#.####### ####.#### #
#.......#### #
#.##.......# #
#.##.##.##.# #
#########.##....##.######
#.......@................
########S.##.#####.######
#.................
#..##.#####.......
#..##.############
#.....)..).......#
##.##'##########.#
####.......########.#
#....................


You could see an adder.

Vanquished Creatures
  An adder (D:2)
  2 gnolls
  A worm (D:2)
  A dart slug (D:1)
  3 leopard geckos (D:2)
  7 bats
  A giant cockroach (D:2)
  2 goblins (D:2)
  5 hobgoblins
  7 jackals (D:1)
  2 quokkas (D:2)
  2 ball pythons
  A frilled lizard (D:1)
  7 kobolds
  7 rats
49 creatures vanquished.

Vanquished Creatures (others)
  4 plants (D:2)
4 creatures vanquished.

Grand Total: 53 creatures vanquished

Notes
Turn   | Place    | Note
-------+----------+-------------------------------------------
     0 | D:1      | JBWHISE123 the Minotaur Fighter began the quest for the
                  | Orb.
     0 | D:1      | Reached XP level 1. HP: 19/19 MP: 0/0
   210 | D:1      | Reached XP level 2. HP: 19/27 MP: 1/1
   742 | D:1      | Reached XP level 3. HP: 32/33 MP: 2/2
  1279 | D:2      | HP: 1/33 [poisoned by an adder]
  1585 | D:2      | Reached XP level 4. HP: 41/41 MP: 3/3
  1620 | D:2      | Found a deep blue altar of Sif Muna.
  1620 | D:2      | Found a hazy altar of Hepliaklqana.
  1620 | D:2      | Found a bloodstained altar of Trog.
  1870 | D:1      | HP: 2/41 [poisoned by an adder]
  1874 | D:1      | Slain by an adder

Skill      XL: |  1  2  3 |
---------------+----------+-----
Fighting       | 4 |  4.4
Armour         | 4 |  4.4
Shields        | 4 |  4.4
Axes           | 3 |  3.3

Action                   |  1- 3 |  4- 6 || total
-------------------------+-------+-------++-------
Melee: War axe           |    89 |       ||    89
       Headbutt          |     8 |     9 ||    17
       Dagger            |    27 |    32 ||    59
  Use: Potion            |     3 |     1 ||     4
       Scroll            |       |     1 ||     1
  Eat: Chunk             |     2 |     1 ||     3
Armor: Scale mail        |    51 |    18 ||    69
Dodge: Dodged            |    44 |     8 ||    52
Block: Shield            |    74 |    21 ||    95
